Map: 드림캐처 - 래더

Players

PartinG

  • Race: Protoss Protoss
  • League: Master
  • Spawn Location: 11:00

Patience - Winner!

  • Race: Protoss Protoss
  • Spawn Location: 5:00

Event: HomeStory Cup XVII

VOD

Have the link to the VOD?

Description

Time

  • Played on: June 29, 2018, 12:11 p.m.
  • Length: 9:04

All games in this series

Show
View Real Time Build Order
Export as new Build Order

PartinG Protoss 

Build Orders: Oracle Opening, Phoenix Opening 

Get SALT Encoding   

  12  0:00  Probe  
  13  0:12  Probe  
  14  0:17  Pylon  
  14  0:24  Probe  
  15  0:32  Probe  
  15  0:38  Gateway  
  15  0:40  Probe  
  16  0:45  Assimilator  
  17  0:50  Probe  
  17  0:53  Assimilator  
  18  0:58  Probe  
  19  1:06  Gateway, Probe  
  20  1:17  Probe  
  20  1:25  Cybernetics Core  
  21  1:29  Probe  
  22  1:33  Pylon  
  22  1:41  Probe  
  23  1:53  Probe  
  24  2:00  Stalker  
  24  2:01  Warp Gate, Stalker  
  28  2:12  Pylon  
  28  2:21  Stargate  
  28  2:30  Stalker  
  28  2:36  Stalker  
  32  3:01  Phoenix  
  32  3:10  Pylon  
  34  3:18  Phoenix  
  34  3:21  Probe  
  34  3:22  Nexus  
  37  3:35  Pylon  
  39  3:50  Probe  
  39  3:53  Oracle  
  41  4:00  Robotics Facility  
  41  4:02  Probe  
  42  4:14  Probe  
  41  4:25  Probe, Shield Battery  
  41  4:28  Forge  
  41  4:30  Probe  
  42  4:33  Probe  
  42  4:38  Probe  
  42  4:41  Probe, Pylon  
  44  4:52  Probe, Observer  
  38  5:00  Probe  
  38  5:05  Probe  
  39  5:12  Probe  
  38  5:17  Probe  
  38  5:24  Probe  
  39  5:29  Probe  
  39  5:31  Protoss Ground Weapons Level 1  
  39  5:33  Probe  
  40  5:37  Probe  
  40  5:41  Probe  
  42  5:44  Immortal  
  42  5:45  Probe  
  48  5:50  Probe  
  48  5:55  Probe  
  49  6:03  Twilight Council  
  50  6:05  Probe  
  50  6:07  Probe  
  50  6:11  Immortal  
  52  6:20  Probe x2  
  58  6:30  Stalker x2  
  62  6:38  Gateway  
  62  6:41  Resonating Glaives  
  62  6:46  Probe x2  
  60  6:54  Stalker  
  60  7:01  Pylon  
  62  7:02  Pylon  
  62  7:03  Assimilator  
  62  7:11  Gateway  
  62  7:12  Gateway, Warp Prism  
  62  7:16  Gateway  
  62  7:19  Probe x2  
  64  7:25  Sentry  
  64  7:27  Sentry  
  70  7:31  Probe  
  70  7:33  Pylon  
  70  7:34  Probe  
  70  7:37  Adept  
  74  7:40  Pylon  
  74  7:50  Gateway x2  
  74  7:58  Adept x2  
  74  7:59  Adept  
  80  8:17  Adept x3  
  86  8:20  Pylon  
  86  8:21  Pylon  
  86  8:23  Adept x2  
  88  8:28  Adept  
  87  8:41  Adept  
  87  8:42  Adept x2  
  87  8:44  Adept x2  
  81  8:57  Adept x3  
Show
View Real Time Build Order
Export as new Build Order

Patience Protoss - Winner!

Build Orders: Phoenix Opening, Dark Templar Rush 

Get SALT Encoding   

  12  0:00  Probe  
  13  0:12  Probe  
  14  0:17  Pylon  
  14  0:23  Probe  
  15  0:33  Probe  
  15  0:35  Gateway  
  15  0:42  Probe  
  16  0:47  Assimilator  
  17  0:53  Probe  
  17  0:56  Assimilator  
  18  1:01  Probe  
  18  1:08  Gateway  
  18  1:10  Probe  
  20  1:20  Probe  
  20  1:24  Cybernetics Core  
  21  1:33  Probe  
  21  1:35  Pylon  
  22  1:45  Probe  
  23  1:52  Warp Gate  
  23  1:57  Probe  
  23  2:00  Adept  
  28  2:01  Sentry  
  28  2:07  Pylon  
  28  2:24  Twilight Council  
  28  2:42  Nexus  
  28  3:02  Dark Shrine  
  28  3:06  Phoenix  
  28  3:08  Stalker x2  
  30  3:20  Shield Battery  
  30  3:27  Shield Battery  
  30  3:35  Robotics Facility  
  30  3:43  Pylon  
  30  3:57  Stalker  
  30  4:01  Probe  
  33  4:04  Gateway  
  33  4:12  Blink  
  31  4:17  Dark Templar  
  31  4:20  Probe  
  31  4:21  Dark Templar  
  36  4:25  Probe  
  36  4:32  Probe  
  36  4:37  Probe  
  38  4:44  Probe  
  39  4:48  Probe  
  39  4:52  Dark Templar, Probe  
  42  4:56  Probe  
  41  5:00  Probe  
  41  5:04  Probe  
  43  5:10  Probe  
  43  5:14  Probe  
  45  5:18  Probe  
  44  5:22  Probe  
  44  5:26  Nexus  
  44  5:27  Probe  
  46  5:29  Pylon  
  46  5:30  Probe  
  48  5:36  Sentry x2  
  48  5:38  Probe  
  48  5:42  Probe  
  54  5:43  Pylon  
  54  5:48  Pylon  
  54  5:53  Probe  
  54  5:54  Probe  
  56  5:58  Assimilator  
  56  6:05  Stalker x3  
  56  6:08  Probe x2  
  64  6:19  Charge  
  64  6:21  Gateway  
  64  6:22  Gateway  
  64  6:23  Gateway  
  64  6:33  Stalker  
  64  6:34  Stalker  
  64  6:35  Stalker  
  70  6:53  Phoenix  
  70  6:59  Stalker x2  
  70  7:00  Stalker  
  75  7:05  Probe x3  
  78  7:11  Pylon  
  78  7:16  Gateway x2  
  78  7:25  Probe  
  78  7:26  Probe x2  
  78  7:28  Stalker  
  78  7:29  Stalker x2  
  87  7:30  Stalker  
  89  7:38  Robotics Facility  
  89  7:56  Zealot x6  
  89  7:58  Pylon  
  101  8:01  Pylon  
  97  8:13  Dark Templar x2  
  101  8:21  Observer  
  101  8:22  Zealot x6  
  101  8:23  Archon  
  101  8:26  Pylon  
  113  8:28  Pylon  
  114  8:43  Zealot  
  114  8:45  Zealot x4  
  114  8:47  Zealot x3  
Tags
 
Add a new tag
Caveats
  • Supply blocks, unpowered buildings, or Contaminate may cause inaccurate times.
  • Supply counts are checked every 10 seconds.